 Dungeon Crawl Stone Soup version 0.30-a0-715-gdb4ae3ece1 (webtiles) character file.

Game seed: 6377262127064108894

53508 avis the Spry (level 13, -10/107 HPs)
             Began as a Demigod Hunter on Jan 23, 2023.
             Constricted to death by Jorgrun (14 damage)
             ... on level 1 of the Shoals.
             The game lasted 02:39:03 (23037 turns).

avis the Spry (Demigod Hunter)                     Turns: 23037, Time: 02:39:04

Health: -10/107    AC:  8    Str: 12    XL:     13   Next: 99%
Magic:  16/16      EV: 29    Int: 11    God:
Gold:   767        SH:  5    Dex: 33    Spells: 12/12 levels left

rFire   + + .      SeeInvis .    a - +6 triple crossbow of the Brewing Augurer {penet, rF+}
rCold   . . .      Faith    .    (shield currently unavailable)
rNeg    . . .      Spirit   .    l - +0 steam dragon scales
rPois   +          Reflect  +    d - +0 helmet
rElec   +          Harm     .    (no cloak)
rCorr   .          Rampage  .    J - +0 pair of gloves
Will    ++...                    R - +0 pair of boots "Zokh" {rF+}
Stlth   ++++                     u - amulet of reflection
HPRegen 0.37/turn                E - ring "Porhom" {rElec rPois}
MPRegen 0.15/turn                N - ring of willpower

@: grasped by roots, constricted
A: high MP 1, forlorn, divine attributes
a: no special abilities


You were on level 1 of the Shoals.
You visited 5 branches of the dungeon, and saw 18 of its levels.

You collected 1665 gold pieces.
You spent 898 gold pieces at shops.

Inventory:

Hand Weapons
 a - the +6 triple crossbow of the Brewing Augurer (weapon) {penet, rF+}
   (You acquired it on level 10 of the Dungeon)

   rF:        It protects you from fire.
 b - the +1 sling of Yzicaos {speed, Str+3 Int+4 Dex+3 Stlth+}
   (You found it on level 5 of the Dungeon)

   Str:       It affects your strength (+3).
   Int:       It affects your intelligence (+4).
   Dex:       It affects your dexterity (+3).
   Stlth:     It makes you more stealthy.
 c - a +1 shortbow of electrocution
 w - a +5 scimitar
Missiles
 K - a throwing net
Armour
 d - a +0 helmet (worn)
 l - +0 steam dragon scales (worn)
 J - a +0 pair of gloves (worn)
 R - the +0 pair of boots "Zokh" (worn) {rF+}
   (You found it on level 7 of the Dungeon)

   rF:        It protects you from fire.
Jewellery
 q - a +6 ring of strength
 u - an amulet of reflection (around neck)
 E - the ring "Porhom" (left hand) {rElec rPois}
   (You found it on level 5 of the Dungeon)

   [ring of poison resistance]

   rElec:     It insulates you from electricity.
   rPois:     It protects you from poison.
 H - a ring of protection from fire
 M - a ring of flight
 N - a ring of willpower (right hand)
 P - a ring of protection from cold
Wands
 p - a wand of digging (6)
 D - a wand of mindburst (24)
 Q - a wand of flame (3)
 S - a wand of charming (21)
Scrolls
 e - 3 scrolls of vulnerability {unknown}
 o - 5 scrolls of blinking {unknown}
 r - 3 scrolls of teleportation {unknown}
 v - 3 scrolls of noise {unknown}
 x - 6 scrolls of magic mapping {unknown}
 y - 3 scrolls of poison {unknown}
 B - 4 scrolls of fear {unknown}
 F - a scroll of fog
Potions
 f - 2 potions of cancellation
 g - 2 potions of magic
 h - 12 potions of curing
 i - 3 potions of ambrosia
 j - a potion of invisibility
 k - 4 potions of might
 m - 6 potions of haste
 n - 4 potions of resistance
 z - 2 potions of berserk rage
 A - 2 potions of flight
 C - 2 potions of lignification
 L - 2 potions of heal wounds
 T - 2 potions of brilliance
Miscellaneous
 s - a phial of floods


   Skills:
 - Level 8.0 Fighting
 * Level 14.1 Ranged Weapons
 - Level 16.0 Dodging
 - Level 5.0 Stealth
 - Level 5.0 Evocations


You had 12 spell levels left.
You didn't know any spells.
Your spell library contained the following spells:

 Spells                   Type           Power      Damage    Failure   Level
 Magic Dart               Conj           0%         1d3       34%         1
 Sandblast                Erth           0%         2d4       34%         1
 Shock                    Conj/Air       0%         1d3       34%         1
 Slow                     Hex            0%         N/A       34%         1
 Call Imp                 Summ           0%         N/A       47%         2
 Passwall                 Tmut/Erth      0%         N/A       47%         2
 Scorch                   Fire           0%         2d5       47%         2
 Call Canine Familiar     Summ           0%         N/A       71%         3
 Mephitic Cloud           Conj/Pois/Air  0%         N/A       71%         3
 Portal Projectile        Hex/Tloc       0%         N/A       71%         3
 Stone Arrow              Conj/Erth      0%         3d7       71%         3
 Swiftness                Air            0%         N/A       71%         3
 Tukima's Dance           Hex            0%         N/A       71%         3
 Airstrike                Air            0%         2d(0-16)  98%         4
 Flame Wave               Conj/Fire      0%         2d4       98%         4
 Leda's Liquefaction      Hex/Erth       0%         N/A       98%         4
 Manifold Assault         Tloc           0%         N/A       98%         4
 Blade Hands              Tmut           0%         N/A       100%        5
 Dispersal                Tloc           0%         N/A       100%        6
 Summon Cactus Giant      Summ           0%         N/A       100%        6
 Spellforged Servitor     Conj/Summ      0%         N/A       100%        7
 Summon Hydra             Summ           0%         N/A       100%        7
 Disjunction              Tloc           0%         N/A       100%        8


Dungeon Overview and Level Annotations

Branches:
Dungeon (10/15)            Temple (1/1) D:6            Lair (5/5) D:9
 Shoals (1/4) Lair:3        Snake (1/4) Lair:3        Slime (0/5) Lair:4
    Orc (0/2) D:10

Shops:
D:7 !   D:10 ?[

Annotations:
D:6 3 runed translucent doors, holysushi's ghost, novice SpCK
Lair:4 1 runed translucent door
Shoals:1 Jorgrun


Innate Abilities, Weirdness & Mutations

You have an increased reservoir of magic. (+10% MP)
You shall have no god before yourself.
Your divine heritage dramatically boosts your attributes as you level up.


Message History

A sea snake comes into view.
Fire: a) +6 triple crossbow of the Brewing Augurer {penet, rF+}
Press: ? - help, Q - select action, (/) - cycle Shift-Dir - straight line, f/p - Jorgrun
Aim: Jorgrun, wielding a +0 heavy quarterstaff and wearing a +0 robe (heavily wounded, 66% to hit)
You shoot a bolt. The sea snake hisses angrily.
The bolt pierces through Jorgrun!!
Jorgrun is severely wounded.
Jorgrun hits you with a +0 heavy quarterstaff.
The grasping roots constrict you. Jorgrun casts a spell at you.
The iron shot misses you. The grasping roots constrict you!
* * * LOW HITPOINT WARNING * * *
Fire: a) +6 triple crossbow of the Brewing Augurer {penet, rF+}
Press: ? - help, Q - select action, (/) - cycle Shift-Dir - straight line, f - sea snake, p - Jorgrun
Aim: a sea snake (66% to hit)
You shoot a bolt. The bolt pierces through the sea snake!
The sea snake is lightly wounded.
Jorgrun misses you. The grasping roots constrict you.
* * * LOW HITPOINT WARNING * * *
Fire: a) +6 triple crossbow of the Brewing Augurer {penet, rF+}
Press: ? - help, Q - select action, (/) - cycle Shift-Dir - straight line, f - Jorgrun, p - sea snake
Aim: Jorgrun, wielding a +0 heavy quarterstaff and wearing a +0 robe (severely wounded, 66% to hit)
You shoot a bolt. The bolt pierces through Jorgrun!
Jorgrun is severely wounded.
Jorgrun completely misses you. The grasping roots constrict you!
* * * LOW HITPOINT WARNING * * *
You feel much better. Jorgrun completely misses you.
The grasping roots constrict you!
* * * LOW HITPOINT WARNING * * *
Fire: a) +6 triple crossbow of the Brewing Augurer {penet, rF+}
Press: ? - help, Q - select action, (/) - cycle Shift-Dir - straight line, f/p - Jorgrun
Aim: Jorgrun, wielding a +0 heavy quarterstaff and wearing a +0 robe (severely wounded, 66% to hit)
You shoot a bolt. The bolt barely misses Jorgrun.
The sea snake bites you!
* * * LOW HITPOINT WARNING * * *
The sea snake misses you. Jorgrun casts a spell at you.
You resist with almost no effort. The grasping roots constrict you!
You die...

~~~~~........#
.~~~~~.........#
..~~~~.......^..#
#...~~..........#
##...~~..........#
.##..~~~~..........#
....~~~~....Sg.....#
~.....~~.....~@.....####
~~~~~~.~~.......~~..~...##.
~~~~~~~~........~~~~..~~...
~~~~~~~~..........~~~~~... .
≈~~≈≈≈~~............~~~.##..
≈≈≈≈≈≈≈~~.#..........~.....>
≈≈≈≈≈≈≈~~~...........~~....
≈≈≈≈≈≈~~~##...##....~~..##
≈≈≈≈≈≈~~~~#...#........##


You could see Jorgrun and a sea snake.

Vanquished Creatures
  A fire dragon (Lair:5)
  An ice dragon (Lair:5)
  Erolcha (D:10)
  3 hydras
  An anaconda (Snake:1)
  A boulder beetle (Lair:4)
  3 two-headed ogres
  6 death yaks
  2 naga sharpshooters (Snake:1)
  A shock serpent (Snake:1)
  A fire crab (Lair:5)
  A swamp dragon (Lair:5)
  4 harpies (Lair:3)
  4 sea snakes (Snake:1)
  A lindwurm (Lair:5)
  An oklob plant (Shoals:1)
  A mana viper (Snake:1)
  7 elephants
  A salamander (Lair:3)
  4 naga magi (Snake:1)
  5 torpor snails (Lair:5)
  2 molten gargoyles (Lair:4)
  9 black mambas
  3 rime drakes
  10 cane toads
  4 komodo dragons
  2 unseen horrors (D:10)
  Maggie (D:10)
  3 polar bears
  4 tyrant leeches (Lair:5)
  16 blink frogs
  Grinder (D:4)
  5 dream sheep (Lair:5)
  8 hornets
  A wraith (D:10)
  A shadow (D:10)
  2 basilisks (Lair:5)
  29 yaks
  5 wyverns
  8 steam dragons
  2 wargs
  7 nagas (Snake:1)
  2 acid dragons (Lair:5)
  15 water moccasins
  A sky beast (D:7)
  3 orc warriors
  A swamp drake (Lair:5)
  An ice beast (D:5)
  2 black bears
  4 wolves (Lair:5)
  2 ogres
  7 centaurs
  A phantom (D:5)
  2 kobold brigands
  13 bullfrogs
  A necrophage (D:5)
  A scorpion (D:4)
  A gnoll sergeant (D:9)
  16 wights
  4 electric eels
  3 howler monkeys
  7 lava snakes
  4 hounds
  2 jellies
  6 orc priests
  3 hell rats (Lair:5)
  6 iguanas
  3 orc wizards
  8 gnolls
  2 adders
  7 river rats (Lair:5)
  2 shadow imps (D:7)
  4 white imps
  4 worms
  6 dart slugs
  39 orcs
  5 endoplasms
  3 giant cockroaches (D:3)
  8 goblins
  4 hobgoblins
  4 jackals
  6 quokkas
  8 ball pythons
  7 bats
  5 frilled lizards
  18 kobolds
  8 rats
432 creatures vanquished.

Vanquished Creatures (others)
  An orc (D:10)
  A bush (Lair:5)
  21 fungi
  68 plants
  12 withered plants (Lair:3)
103 creatures vanquished.

Grand Total: 535 creatures vanquished

Notes
Turn   | Place    | Note
-------+----------+-------------------------------------------
     0 | D:1      | avis the Demigod Hunter began the quest for the Orb.
     0 | D:1      | Reached XP level 1. HP: 17/17 MP: 3/3
   279 | D:1      | Reached XP level 2. HP: 24/24 MP: 4/4
   305 | D:1      | Reached skill level 2 in Dodging
   638 | D:1      | Reached XP level 3. HP: 29/29 MP: 5/5
   714 | D:2      | Got the Papyrus of Malisons and Leadership
   818 | D:2      | Found Zohiossuo's Jewellery Emporium.
  1002 | D:2      | Reached skill level 3 in Dodging
  1006 | D:2      | Reached skill level 1 in Stealth
  1082 | D:2      | Identified the +0 ring mail of the Pleiades {Contam Rampage
                  | Int+3}
  2276 | D:3      | Reached XP level 4. HP: 36/36 MP: 6/6
  2780 | D:4      | Reached XP level 5. HP: 45/45 MP: 7/7
  3296 | D:4      | Reached skill level 5 in Ranged Weapons
  3799 | D:5      | Entered Level 5 of the Dungeon
  3808 | D:5      | Identified the ring "Porhom" {rElec rPois}
  3811 | D:5      | Noticed an ice beast
  3850 | D:5      | Noticed an ogre
  3857 | D:5      | Killed an ogre
  3858 | D:5      | Reached XP level 6. HP: 35/51 MP: 8/8
  4262 | D:5      | Reached skill level 4 in Dodging
  4390 | D:5      | Noticed Grinder
  4414 | D:4      | Reached skill level 5 in Dodging
  4414 | D:4      | Reached XP level 7. HP: 22/57 MP: 9/9
  4566 | D:5      | Paralysed by Grinder for 4 turns
  4578 | D:4      | Killed Grinder
  4579 | D:4      | Reached skill level 6 in Dodging
  4888 | D:5      | Identified the +1 sling of Yzicaos {speed, Str+3 Int+4
                  | Dex+3 Stlth+}
  5590 | D:6      | Found a staircase to the Ecumenical Temple.
  5611 | Temple   | Entered the Ecumenical Temple
  5796 | D:6      | Found a runed translucent gate.
  5796 | D:6      | Found a runed translucent gate.
  5796 | D:6      | Found a runed translucent gate.
  5832 | D:6      | Reached XP level 8. HP: 66/66 MP: 10/10
  5903 | D:6      | Noticed holysushi's ghost (novice SpCK)
  6900 | D:6      | Reached skill level 7 in Dodging
  7344 | D:7      | Found Xegiyshre's Distillery.
  7347 | D:7      | Bought a potion of curing for 42 gold pieces
  7347 | D:7      | Bought a potion of heal wounds for 70 gold pieces
  7347 | D:7      | Bought a potion of flight for 42 gold pieces
  7347 | D:7      | Bought a potion of attraction for 42 gold pieces
  7417 | D:6      | Reached skill level 8 in Dodging
  7419 | D:6      | Reached XP level 9. HP: 34/69 MP: 11/11
  7829 | D:7      | Reached skill level 9 in Dodging
  7849 | D:7      | Identified the +0 pair of boots "Zokh" {rF+}
  8587 | D:8      | Reached skill level 5 in Fighting
  8844 | D:8      | Noticed a two-headed ogre
  8858 | D:8      | Killed a two-headed ogre
  9469 | D:9      | Paralysed by a hornet for 2 turns
  9483 | D:8      | Reached skill level 10 in Ranged Weapons
  9483 | D:8      | Reached XP level 10. HP: 33/81 MP: 13/13
  9772 | D:9      | Noticed a two-headed ogre
  9789 | D:9      | Killed a two-headed ogre
  9790 | D:9      | Reached skill level 10 in Dodging
  9890 | D:9      | Found a staircase to the Lair.
 10217 | Lair:1   | Entered Level 1 of the Lair of Beasts
 10264 | Lair:1   | Reached skill level 11 in Dodging
 10976 | Lair:1   | Reached skill level 12 in Dodging
 11044 | Lair:1   | You fall into a shaft and drop 1 floor!
 11078 | Lair:2   | Noticed an elephant
 11109 | Lair:2   | Noticed a black mamba
 11343 | Lair:1   | Reached XP level 11. HP: 88/88 MP: 14/14
 12228 | Lair:2   | Noticed a four-headed hydra
 12282 | Lair:2   | Killed a four-headed hydra
 12347 | Lair:2   | Noticed a death yak
 12362 | Lair:2   | Killed a death yak
 12404 | Lair:2   | Noticed a death yak
 12406 | Lair:2   | Noticed a death yak
 12406 | Lair:2   | Noticed a death yak
 12422 | Lair:2   | Noticed a death yak
 12423 | Lair:2   | Killed a death yak
 12458 | Lair:2   | Noticed a death yak
 12463 | Lair:2   | Killed a death yak
 12485 | Lair:1   | Killed a death yak
 13120 | Lair:2   | Reached skill level 13 in Dodging
 13449 | Lair:2   | Killed a death yak
 13474 | Lair:2   | Killed a death yak
 13480 | Lair:2   | Reached XP level 12. HP: 39/96 MP: 15/15
 13881 | Lair:3   | Reached skill level 14 in Dodging
 13894 | Lair:3   | Reached skill level 1 in Evocations
 13953 | Lair:3   | Found a staircase to the Shoals.
 14275 | Lair:3   | Found a staircase to the Snake Pit.
 14805 | D:10     | Entered Level 10 of the Dungeon
 14805 | D:10     | Noticed Erolcha
 14830 | D:10     | Killed Erolcha
 15524 | D:10     | Noticed Maggie
 15543 | D:10     | Killed Maggie
 15749 | D:10     | Found a staircase to the Orcish Mines.
 15919 | D:10     | Found Huutusy's Antique Armour Shoppe.
 16061 | D:10     | Found The Oracle's Delphic Readings.
 16759 | Lair:4   | Found a runed translucent door.
 16762 | Lair:4   | Found a staircase to the Slime Pits.
 17797 | Lair:5   | Entered Level 5 of the Lair of Beasts
 17797 | Lair:5   | Noticed a boulder beetle
 17856 | Lair:4   | Killed a boulder beetle
 18070 | Lair:5   | Noticed an eight-headed hydra
 18083 | Lair:5   | Killed an eight-headed hydra
 18296 | Lair:5   | Reached XP level 13. HP: 62/105 MP: 16/16
 18931 | Lair:5   | Reached skill level 15 in Dodging
 20007 | Lair:5   | Found a runed translucent door.
 20134 | Lair:5   | Reached skill level 16 in Dodging
 20235 | Lair:5   | Reached skill level 5 in Stealth
 20938 | Lair:1   | Upgraded the game from 0.30-a0-711-gf4ac18a38d to
                  | 0.30-a0-715-gdb4ae3ece1
 21172 | D:10     | Bought a scroll of acquirement for 676 gold pieces
 21176 | D:10     | Acquired the +6 triple crossbow of the Brewing Augurer
                  | {penet, rF+}
 21378 | Snake:1  | Entered Level 1 of the Snake Pit
 21818 | Snake:1  | Reached skill level 5 in Evocations
 22828 | D:10     | Bought a scroll of identify for 26 gold pieces
 22974 | Shoals:1 | Entered Level 1 of the Shoals
 23024 | Shoals:1 | Noticed Jorgrun
 23037 | Shoals:1 | HP: 4/107 [sea snake (12)]
 23037 | Shoals:1 | Constricted to death by Jorgrun

Illustrated notes

Levels and vault maps discovered:
D:1:      dpeg_arrival_three_smaller_balls, layout_loops_ring, st_stairs_13,
          minmay_shallow_snake_nest
D:2:      layout_basic, serial_shops, shop
D:3:      layout_loops_corners, elyvilon_altar_4, cheibrodos_gnoll_hut
D:4:      layout_cave_pods, cheibrodos_sewer_entry_bend,
          kennysheep_generic_room_13
D:5:      layout_rooms, minmay_misc_feat_columns, minivault_24,
          minmay_hedge_maze, hex_tiny, corexii_corridor_pit, minmay_crossroads,
          uniq_grinder
D:6:      layout_basic, gammafunk_temple_overflow_claw,
          mainiacjoe_overflow_surrounded_room, minmay_temple_entry_proselytizer,
          biasface_ghost_orc_armoury
D:7:      layout_rooms, amcnicky_altar_gilded, serial_shops,
          nicolae_shop_behind_doors
D:8:      layout_rooms, lemuel_flamethrower_2
D:9:      cheibrodos_steamvent, layout_grid_maze, mainiacjoe_overflow_catwalk,
          kennysheep_little_box, erik_lair_orcish_takeover,
          hangedman_glass_teeth
D:10:     layout_roguey [special_room_orc], orc_0_dummy, serial_shops,
          nicolae_shop_overgrown_old_shop, enter_bailey_2,
          nicolae_nh_oracle_at_delphi, uniq_maggie, uniq_erolcha
Temple:   eino_temple_lava
Lair:1:   layout_cave_pods, beast_lair_carwin_6, serial_bayou_shore_b
Lair:2:   layout_hall_layers, basic_altar, chequers_serial_rivers_large_b,
          beast_lair_carwin_9, grunt_megastairs_1
Lair:3:   layout_gridlike, nicolae_shoals_entry_roost,
          nicolae_snake_entry_warm_welcome, pdpol_lair_neglected_garden,
          serial_bayou_shore_a, infiniplex_staircase_pool_2, grunt_megastairs_3
Lair:4:   cheibrodos_magma_flow, layout_small_grid, slime_entry_2,
          nicolae_quartered_pool_little, lookout_lair_type, serial_bayou_pond_b
Lair:5:   wormcave, layout_regular_city, guppyfry_lair_end_dragon,
          kennysheep_abandoned_house
Shoals:1: layout_shoals, dpeg_stationary_puzzle, uniq_jorgrun, uniq_donald
Snake:1:  layout_chambers, serial_bayou_ford_a, grunt_megastairs_2

Skill      XL: |  1  2  3  4  5  6  7  8  9 10 11 12 13 |
---------------+----------------------------------------+-----
Fighting       | 2 3 4 5 6 7 8 |  8.0
Ranged Weapons | 4 6 7 8 10 12 14 | 14.1
Dodging        | 2 3 5 6 8 9 12 13 14 16 | 16.0
Stealth        | 2 3 4 5 |  5.0
Evocations     | 2 5 |  5.0

Action                     |  1- 3 |  4- 6 |  7- 9 | 10-12 | 13-15 || total
---------------------------+-------+-------+-------+-------+-------++-------
   Fire: Shortbow          |   145 |   132 |    27 |   239 |    30 ||   573
         Sling             |       |       |   490 |  1027 |   705 ||  2222
         Triple crossbow   |       |       |       |       |    88 ||    88
  Throw: Dart              |       |     1 |       |       |       ||     1
  Evoke: Wand              |       |       |       |     1 |       ||     1
    Use: Scroll            |       |       |     9 |     5 |     4 ||    18
         Potion            |       |       |       |     2 |     1 ||     3
 Armour: Leather armour    |    30 |    10 |     7 |       |       ||    47
         Robe              |       |       |     4 |       |       ||     4
         Steam dragon scal |       |       |     2 |    45 |    25 ||    72
  Dodge: Dodged            |    59 |    24 |   184 |   485 |   256 ||  1008
  Block: Other             |       |       |       |       |     8 ||     8

Table legend: (Time is in decaauts)
 A = Elapsed time spent in this place.
 B = Non-inter-level travel time spent in this place.
 C = Inter-level travel time spent in this place.
 D = Time resting spent in this place.
 E = Time spent auto-exploring this place.
 F = Levels seen in this place.
 G = Mean time per level.
                   A        B        C        D        E       F      G
               +--------+--------+--------+--------+--------+-----+--------+
         Total |  22194 |  19006 |   3188 |   4380 |   9046 |  18 | 1233.0 |
       Dungeon |  11935 |  10070 |   1865 |   2010 |   5573 |  10 | 1193.5 |
        Temple |     46 |     41 |      5 |      0 |      0 |   1 |   46.0 |
          Lair |   8750 |   7505 |   1245 |   2224 |   3340 |   5 | 1750.0 |
        Shoals |     82 |     82 |      0 |      0 |      0 |   1 |   82.0 |
     Snake Pit |   1380 |   1309 |     71 |    146 |    132 |   1 | 1380.0 |
               +--------+--------+--------+--------+--------+-----+--------+

Top non-repeatable levels by time:
  Lair:5: 2406 daAuts
  Lair:1: 2183 daAuts
     D:6: 1921 daAuts
  Lair:2: 1643 daAuts
     D:4: 1442 daAuts
 Snake:1: 1380 daAuts
  Lair:4: 1329 daAuts
     D:5: 1233 daAuts
  Lair:3: 1187 daAuts
    D:10: 1165 daAuts
     D:9: 1130 daAuts
     D:3: 1101 daAuts
     D:8: 1081 daAuts
     D:7: 1075 daAuts
     D:2: 967 daAuts
